AoeStats
← 小白

Arena

509860342Analyzed
4v4 RM · 4d ago on Sep 28, 2026· 41m 51s· 8 players
Game mode
Random Map
Map size
Large (8 player)
Population
200
Speed
Normal
Resources
Standard
Victory
Conquest
Starting age
Dark Age
Ending age
Imperial Age
RankedLock teamsTeams togetherTeam positionsShared explorationLock speedFull tech treeHidden civsTurbo modeCheats
Victory
Defeat
🇨🇳 Goths · China
1925
+16
🇻🇳 Saxons · Vietnam
1862
+19
🇨🇳 Danes · China
1810
+21
🇨🇳 Huns · China
1761
+21
🇹🇼 Poles · Taiwan
1962
-21
🇹🇼 Persians · Taiwan
1924
-20
🇹🇼 Saxons · Taiwan
1888
-18
🇹🇼 Saxons · Taiwan
1886
-18
RTMaxwell
10:08 Feudal Age
13:38 Castle Age
12:01 Double-Bit Axe
12:08 Horse Collar
14:40 Bow Saw
17:43 Wheelbarrow
19:14 Loom
22:18 Heavy Plow
22:47 Town Watch
23:45 Gold Mining
23:48 Stone Mining
25:13 Hand Cart
25:06 Squires
24:51 Arson
28:05 Imperial Age
26:18 Scale Mail Armor
26:25 Arson
26:51 Forging
27:36 Gold Shaft Mining
27:47 Chain Mail Armor
28:07 Capped Ram
29:24 Plate Mail Armor
29:34 Iron Casting
28:39 Elite Jomsviking
32:21 Blast Furnace
31:08 Siege Ram
31:25 Hamask
32:26 Conscription
32:37 Onager
35:11 Siege Onager
36:32 Siege Engineers
35:50 Northmen's Fury
37:14 Fletching
41:24 Chemistry
爱种田的太奶
6:15 Loom
8:46 Feudal Age
9:21 Double-Bit Axe
10:33 Fletching
10:29 Horse Collar
18:43 Castle Age
17:53 Town Watch
19:34 Bodkin Arrow
20:30 Gold Mining
20:59 Bow Saw
26:34 Ballistics
28:55 Wheelbarrow
28:55 Heavy Plow
35:56 Imperial Age
33:45 Hand Cart
34:21 Gold Shaft Mining
34:30 Thumb Ring
35:30 Bloodlines
35:21 Husbandry
36:43 Bracer
37:45 Chemistry
36:19 Heavy Cavalry Archer
37:27 Parthian Tactics
37:07 Padded Archer Armor
38:35 Leather Archer Armor
39:02 Scale Mail Armor
40:05 Two-Man Saw
40:54 Chain Mail Armor
40:49 Forging
41:06 Pikeman
41:47 Squires
saymynameBook
5:07 Loom
7:38 Feudal Age
8:06 Double-Bit Axe
12:04 Horse Collar
15:14 Fletching
16:54 Wheelbarrow
20:57 Castle Age
19:22 Gold Mining
19:22 Stone Mining
22:21 Town Watch
23:02 Bow Saw
26:48 Heavy Plow
28:38 Hand Cart
32:34 Imperial Age
31:26 Scale Mail Armor
31:37 Forging
32:51 Bodkin Arrow
33:12 Chain Mail Armor
32:53 Gambesons
33:08 Squires
33:31 Guilds
34:27 Two-Man Saw
33:58 Crop Rotation
33:28 Heavy Scorpion
34:32 Ballistics
35:38 Siege Engineers
37:16 Caravan
38:40 Chemistry
37:51 Masonry
37:22 Treadmill Crane
38:20 Guard Tower
38:16 Arrowslits
38:33 Bracer
39:29 Gold Shaft Mining
38:28 Pikeman
40:58 Architecture
40:01 Halberdier
41:40 Keep
41:38 Architecture
OX
10:30 Feudal Age
11:37 Double-Bit Axe
14:05 Castle Age
11:52 Horse Collar
15:05 Bow Saw
15:08 Heavy Plow
19:18 Wheelbarrow
23:07 Hand Cart
22:37 Loom
22:38 Town Watch
28:17 Imperial Age
26:01 Stone Mining
26:22 Squires
26:03 Man-at-Arms
26:43 Scale Mail Armor
27:24 Gold Mining
27:16 Pikeman
28:19 Chain Mail Armor
28:05 Long Swordsman
30:02 Chemistry
29:17 Forging
29:01 Halberdier
29:39 Two-Handed Swordsman
31:03 Iron Casting
30:58 Conscription
30:20 Champion
30:20 Champion
31:50 Crop Rotation
32:58 Blast Furnace
37:29 Padded Archer Armor
37:40 Perfusion
39:55 Leather Archer Armor
[LuB]夢夢
10:35 Feudal Age
11:37 Horse Collar
14:38 Castle Age
12:28 Double-Bit Axe
15:33 Bow Saw
15:23 Heavy Plow
19:28 Wheelbarrow
22:20 Hand Cart
23:40 Scale Barding Armor
24:03 Szlachta Privileges
24:42 Chain Barding Armor
24:48 Bloodlines
24:39 Husbandry
25:19 Forging
25:38 Town Watch
26:57 Iron Casting
28:20 Gold Mining
28:20 Stone Mining
31:22 Imperial Age
28:40 Loom
30:18 Scale Mail Armor
31:15 Chain Mail Armor
31:44 Coinage
31:41 Elite Obuch
32:53 Plate Mail Armor
33:24 Blast Furnace
33:17 Conscription
33:17 Cavalier
35:27 Banking
37:42 Fletching
GKT_Cloud
8:16 Loom
10:05 Feudal Age
16:11 Castle Age
14:56 Fletching
15:26 Double-Bit Axe
15:22 Horse Collar
21:37 Bow Saw
26:34 Wheelbarrow
30:41 Imperial Age
29:15 Hand Cart
29:50 Bodkin Arrow
29:56 Padded Archer Armor
29:53 Town Watch
31:38 Bracer
31:05 Crossbowman
32:09 Thumb Ring
32:47 Ballistics
33:50 Chemistry
33:01 Arbalester
34:37 Leather Archer Armor
36:03 Ring Archer Armor
小白
10:47 Feudal Age
11:32 Double-Bit Axe
11:27 Horse Collar
14:17 Castle Age
15:03 Bow Saw
15:46 Wheelbarrow
21:46 Stone Mining
22:28 Loom
30:46 Imperial Age
28:44 Hand Cart
28:32 Heavy Plow
29:24 Scale Barding Armor
29:18 Gold Mining
31:02 Gold Shaft Mining
31:02 Stone Shaft Mining
32:16 Chemistry
31:28 Guilds
32:00 Chain Barding Armor
32:02 Conscription
31:21 Elite War Elephant
32:40 Crop Rotation
33:11 Two-Man Saw
33:32 Plate Barding Armor
34:52 Bloodlines
34:42 Husbandry
35:56 Chemistry
36:16 Forging
37:46 Iron Casting
38:19 Caravan
38:49 Coinage
38:44 Town Watch
40:03 Blast Furnace
[LuB]a61
10:09 Feudal Age
9:23 Loom
14:20 Castle Age
12:12 Double-Bit Axe
12:39 Horse Collar
16:43 Bow Saw
21:50 Wheelbarrow
22:01 Gold Mining
24:12 Gold Shaft Mining
25:20 Hand Cart
25:40 Heavy Plow
29:44 Imperial Age
27:47 Scale Mail Armor
27:33 Man-at-Arms
28:00 Gambesons
28:15 Squires
28:18 Long Swordsman
29:14 Chain Mail Armor
29:48 Two-Handed Swordsman
31:00 Plate Mail Armor
30:41 Forging
30:40 Champion
30:49 Capped Ram
33:06 Iron Casting
34:06 Fletching
34:41 Ballistics
34:12 Guard Tower
34:03 Treadmill Crane
34:14 Siege Ram
37:27 Bodkin Arrow
38:19 Bracer
38:19 Padded Archer Armor
38:07 Elite Skirmisher
39:55 Leather Archer Armor
40:46 Chemistry
39:35 Arrowslits
40:25 Keep
42:16 Ring Archer Armor
Connection lost

Rejoining the realm…

Still unreachable

The connection could not be restored.

Session expired

The server has moved on; the page needs a fresh start.